 Dungeon Crawl Stone Soup version 0.26-a0-682-g294304f6e8 (webtiles) character file.

Game seed: 2150029435540478231

441 Ijustatesigmund the Ducker (level 6, -1/32 HPs)
             Began as a Spriggan Warper on Oct 20, 2020.
             Was an Initiate of Okawaru.
             Slain by a water moccasin (4 damage)
             ... in the Ecumenical Temple.
             The game lasted 00:13:22 (8211 turns).

Ijustatesigmund the Ducker (Spriggan Warper)        Turns: 8211, Time: 00:13:22

Health: -1/32      AC:  2    Str:  7    XL:     6   Next: 70%
Magic:  9/11       EV: 21    Int: 15    God:    Okawaru [......]
Gold:   237        SH:  5    Dex: 17    Spells: 8/10 levels left

rFire    . . .     SeeInvis +   a - +1 short sword
rCold    . . .     Faith    .   (shield restricted)
rNeg     . . .     Spirit   .   b - +0 robe
rPois    .         Reflect  +   (helmet restricted)
rElec    .         Harm     .   (no cloak)
rCorr    .         Rampage  .   (gloves unavailable)
MR       +....                  (boots unavailable)
Stlth    +++.......             j - amulet of reflection
HPRegen  0.10/turn              (no ring)
MPRegen  0.12/turn              (no ring)

@: lethally poisoned (-1 -> -5), very quick
A: very small, unfitting armour, see invisible, speed 3
a: Renounce Religion


You were in the Ecumenical Temple.
You worshipped Okawaru.
Okawaru was noncommittal.
You visited 2 branches of the dungeon, and saw 7 of its levels.

You collected 237 gold pieces.

Inventory:

Hand Weapons
 a - a +1 short sword (weapon)
Missiles
 e - a boomerang of dispersal (quivered)
Armour
 b - a +0 robe (worn)
Jewellery
 j - an amulet of reflection (around neck)
Wands
 c - a wand of digging (1)
 f - a wand of flame (16)
Scrolls
 d - a scroll of blinking
 l - a scroll of remove curse


   Skills:
 - Level 3.3 Fighting
 + Level 5.1 Short Blades
 - Level 1.0 Throwing
 + Level 5.5 Dodging
 + Level 4.2 Stealth
 - Level 2.6 Spellcasting
 + Level 4.4 Translocations
 + Level 0.0 Invocations


You had 8 spell levels left.
You knew the following spells:

 Your Spells              Type           Power        Failure   Level
a - Blink                 Tloc           N/A          4%          2

Your spell library contained the following spells:

 Spells                   Type           Power        Failure   Level
 Gell's Gravitas          Tloc           ###.......   10%         3
 Lesser Beckoning         Tloc           ###.......   10%         3
 Teleport Other           Tloc           ###.....     10%         3
 Passage of Golubria      Tloc           N/A          32%         4


Dungeon Overview and Level Annotations

Branches:
Dungeon (6/15)             Temple (1/1) D:6

Altars:
Elyvilon
Hepliaklqana
Okawaru
Vehumet
Yredelemnul
The Shining One
Beogh

Annotations:
D:4 Purgy


Innate Abilities, Weirdness & Mutations

You are very small and have problems with some larger weapons.
You are too small for most types of armour.
You have supernaturally acute eyesight. (SInv)
You cover ground extremely quickly.


Message History

The water moccasin misses you.
There is a staircase to the Ecumenical Temple here.
You see here 2 arrows.
* * * LOW HITPOINT WARNING * * *
You feel sick.
The centaur shoots an arrow.
The arrow closely misses you. The water moccasin misses you.
The centaur shoots an arrow.
The arrow completely misses you.
You climb downwards.
Welcome back to the Ecumenical Temple!
* * * LOW HITPOINT WARNING * * *
You feel sick.
There is a staircase back to the Dungeon here.
You aren't carrying any potions.
* * * LOW HITPOINT WARNING * * *
You feel sick.
Casting: Blink (safe; 4% risk of failure)
Confirm with . or Enter, or press ? or * to list all spells.
You blink.
* * * LOW HITPOINT WARNING * * *
You feel sick. The water moccasin bites you.
You die...

..## ...._.
....#####...
_.......#≈#
...#......#####
......_.......###
###......#......#####
###......._.......#
#####......#....#
###...§S@.<.#
#####.....# #.....#
#######


You could see a water moccasin.

Vanquished Creatures
  An ogre (D:4)
  A water moccasin skeleton (D:4)
  2 orc priests (D:2)
  2 orc wizards
  2 worker ants (D:4)
  5 adders
  2 shadow imps
  A white imp (D:5)
  An ooze (D:1)
  A worm (D:3)
  A dart slug (D:1)
  4 leopard geckos
  6 orcs
  A ball python (D:4)
  7 giant cockroaches
  7 hobgoblins
  5 jackals
  9 kobolds
  A quokka (D:3)
  5 bats
  5 frilled lizards
  2 goblins
  7 rats
78 creatures vanquished.

Notes
Turn   | Place    | Note
-------+----------+-------------------------------------------
     0 | D:1      | Ijustatesigmund the Spriggan Warper began the quest for the
                  | Orb.
     0 | D:1      | Reached XP level 1. HP: 10/10 MP: 5/5
     3 | D:1      | Noticed an electric eel
     3 | D:1      | Noticed an electric eel
   147 | D:1      | Reached XP level 2. HP: 14/15 MP: 6/6
  1636 | D:2      | Reached XP level 3. HP: 8/18 MP: 8/8
  1841 | D:2      | Learned a level 2 spell: Blink
  2017 | D:2      | Found a white marble altar of Elyvilon.
  2092 | D:2      | Reached skill level 1 in Stealth
  2947 | D:2      | Reached XP level 4. HP: 21/23 MP: 9/9
  4221 | D:3      | Reached XP level 5. HP: 28/28 MP: 10/10
  4467 | D:3      | Found a roughly hewn altar of Beogh.
  5659 | D:4      | Found a radiant altar of Vehumet.
  5763 | D:4      | Noticed Purgy
  6084 | D:4      | Noticed an ogre
  6108 | D:4      | Killed an ogre
  6108 | D:4      | Reached skill level 5 in Dodging
  6108 | D:4      | Reached XP level 6. HP: 13/32 MP: 11/11
  6168 | D:5      | Entered Level 5 of the Dungeon
  6369 | D:5      | Noticed an ice beast
  6683 | D:4      | Reached skill level 5 in Short Blades
  7871 | D:6      | Noticed a water moccasin
  7912 | D:6      | Found a staircase to the Ecumenical Temple.
  7921 | Temple   | Entered the Ecumenical Temple
  8190 | Temple   | Became a worshipper of Warmaster Okawaru
  8211 | Temple   | Slain by a water moccasin

Illustrated notes

Levels and vault maps discovered:
D:1:      arrival_aquarium_b, layout_basic, serial_bayou_lagoon_a
D:2:      layout_basic, elyvilon_altar_3
D:3:      layout_rooms, kennysheep_orc_chapel
D:4:      layout_basic, fiery_altar_vehumet, uniq_purgy, uniq_grinder
D:5:      layout_basic
D:6:      kennysheep_windowed_halls, layout_loops_ring,
          minmay_temple_entry_stoned_glass, guppyfry_shop_venom, uniq_eustachio
Temple:   regret_index_temple_waves

Skill      XL: |  1  2  3  4  5  6 |
---------------+-------------------+-----
Fighting       | 2 3 |  3.3
Short Blades   | 3 4 5 |  5.1
Stealth        | 1 2 3 4 |  4.2
Dodging        | 4 5 |  5.5
Throwing       | |  1.0
Spellcasting   | |  2.6
Translocations | |  4.4

Action                   |  1- 3 |  4- 6 || total
-------------------------+-------+-------++-------
Melee: Short sword       |   175 |   378 ||   553
Throw: Boomerang         |     3 |     1 ||     4
 Cast: Blink             |       |     6 ||     6
  Use: Scroll            |     3 |     5 ||     8
       Potion            |       |    10 ||    10
 Stab: Sleeping          |     1 |     1 ||     2
Armor: Robe              |    29 |    28 ||    57
Dodge: Dodged            |   189 |   288 ||   477
Block: Other             |       |    73 ||    73
       Reflection        |       |     1 ||     1

Table legend: (Time is in decaauts)
 A = Elapsed time spent in this place.
 B = Non-inter-level travel time spent in this place.
 C = Inter-level travel time spent in this place.
 D = Time resting spent in this place.
 E = Time spent auto-exploring this place.
 F = Levels seen in this place.
 G = Mean time per level.
                   A        B        C        D        E       F      G
               +--------+--------+--------+--------+--------+-----+--------+
         Total |   7332 |   7252 |     80 |   4693 |   1499 |   7 | 1047.4 |
       Dungeon |   7057 |   6985 |     72 |   4447 |   1492 |   6 | 1176.2 |
        Temple |    274 |    266 |      8 |    246 |      6 |   1 |  274.0 |
               +--------+--------+--------+--------+--------+-----+--------+

Top non-repeatable levels by time:
     D:2: 2826 daAuts
     D:1: 1286 daAuts
     D:4: 957 daAuts
     D:5: 777 daAuts
     D:3: 712 daAuts
     D:6: 497 daAuts
  Temple: 274 daAuts
